 Dungeon Crawl Stone Soup version 0.18.1-5-g4a78601 (webtiles) character file.

237 protoss039 the Covered (level 5, -6/47 HPs)
             Began as a Minotaur Fighter on May 14, 2016.
             Mangled by a gnoll
             ... wielding a +0 halberd
              (10 damage)
             ... on level 4 of the Dungeon.
             The game lasted 00:09:38 (2353 turns).

protoss039 the Covered (Minotaur Fighter)           Turns: 2353, Time: 00:09:40

Health: -6/47      AC: 10    Str: 27    XL:     5   Next: 77%
Magic:  4/4        EV:  8    Int:  5    God:
Gold:   175        SH: 10    Dex:  9    Spells: 0 memorised, 4 levels left

rFire  . . .     SeeInvis .     a - +0 flail
rCold  . . .     Gourm    .     b - +0 scale mail
rNeg   . . .     Faith    .     c - +0 shield
rPois  .         Spirit   .     (helmet restricted)
rElec  .         Dismiss  .     q - +2 cloak
rCorr  .         Reflect  .     (no gloves)
SustAt .         Harm     .     (no boots)
MR     .....                    (no amulet)
Stlth  ..........               (no ring)
                                (no ring)

@: mighty, not resistant to hostile enchantments, extremely unstealthy
A: retaliatory headbutt, horns 2
a: no special abilities


You were on level 4 of the Dungeon.
You were not hungry.

You visited 1 branch of the dungeon, and saw 4 of its levels.

You collected 175 gold pieces.

Inventory:

Hand Weapons
 a - a +0 flail (weapon)
 v - a +0 flail
Armour
 b - a +0 scale mail (worn)
 c - a +0 shield (worn)
 q - a +2 cloak (worn)
Jewellery
 r - a cursed ring of protection from fire {unknown}
Scrolls
 h - a scroll of enchant weapon {unknown}
 j - a scroll of magic mapping
 n - a scroll of teleportation
 o - a scroll of random uselessness {unknown}
 p - a scroll of immolation {unknown}
Potions
 e - a potion of berserk rage {unknown}
 i - 2 potions of agility {unknown}
 l - a potion of haste {unknown}
 s - a potion of curing {unknown}
Comestibles
 f - a bread ration
 g - 10 chunks of flesh
 k - 2 slices of pizza
 m - a meat ration
 t - 2 inedible chunks of flesh


   Skills:
 + Level 4.8 Fighting
 + Level 3.6 Maces & Flails
 + Level 5.1 Armour
 + Level 1.9 Dodging
 + Level 0.1 Stealth
 + Level 4.8 Shields


You had 4 spell levels left.
You didn't know any spells.

Dungeon Overview and Level Annotations

Branches:
Dungeon (4/15)
 Temple: D:4-7

Altars:
Ashenzari
Nemelex Xobeh
Pakellas
The Shining One


Innate Abilities, Weirdness & Mutations

You reflexively headbutt those who attack you in melee.
You have a pair of horns on your head.


Message History

You kill the gnoll!
The gnoll hits you from afar with a spear.
You block the gnoll's attack. The gnoll hits you but does no damage.
You block the gnoll's attack.
You hit the gnoll but do no damage.
You headbutt the gnoll, but do no damage.
The gnoll is heavily wounded.
The gnoll hits you but does no damage.
The gnoll hits you from afar with a halberd!
* * * LOW HITPOINT WARNING * * *
You block the gnoll's attack.
You feel very mighty all of a sudden. You block the gnoll's attack.
The gnoll completely misses you. You block the gnoll's attack.
You sock the gnoll!
You kill the gnoll!
The gnoll hits you from afar with a spear.
* * * LOW HITPOINT WARNING * * *
The gnoll hits you from afar with a halberd!
You die...

###### #..... ### ###
#.#### # #.. ..# #.#...
##. #.# #.# #.#.## #...
#.# #.####.#.##
#.#..g###.####.#.>.....#
#.....)@................
#.#.#g###[######..<.....
.. #.# ##.#...#. #. #.#
#.##..#. # #.# #.##..#.
#.# #.##..#. #.#
.#...... #[# # # #.


You could see 2 gnolls.

Vanquished Creatures
  A scorpion (D:4)
  A gnoll shaman (D:4)
  5 gnolls
  2 adders (D:3)
  A worm (D:2)
  3 dart slugs
  A giant gecko (D:4)
  13 orcs
  6 giant cockroaches
  10 goblins
  4 hobgoblins
  7 kobolds
  A quokka (D:3)
  A ball python (D:1)
  7 bats
  4 giant newts
  7 rats
74 creatures vanquished.

Vanquished Creatures (others)
  A very ugly thing (D:3)
1 creature vanquished.

Grand Total: 75 creatures vanquished

Notes
Turn   | Place    | Note
--------------------------------------------------------------
     0 | D:1      | protoss039 the Minotaur Fighter began the quest for the Orb.
     0 | D:1      | Reached XP level 1. HP: 19/19 MP: 0/0
   162 | D:1      | Reached XP level 2. HP: 27/27 MP: 1/1
   585 | D:1      | Reached skill level 4 in Armour
   970 | D:2      | Reached XP level 3. HP: 28/33 MP: 2/2
   994 | D:2      | Found a sparkling altar of Nemelex Xobeh.
  1063 | D:2      | Found a shattered altar of Ashenzari.
  1276 | D:2      | Found a glowing golden altar of the Shining One.
  1548 | D:3      | Reached XP level 4. HP: 34/40 MP: 3/3
  1888 | D:3      | Reached skill level 1 in Dodging
  2076 | D:3      | Found an oddly glowing altar of Pakellas.
  2077 | D:3      | Noticed a white very ugly thing
  2086 | D:3      | Killed a white very ugly thing
  2231 | D:4      | Reached XP level 5. HP: 47/47 MP: 4/4
  2326 | D:4      | Reached skill level 5 in Armour
  2353 | D:4      | Mangled by a gnoll

Skill      XL: |  1  2  3  4  5 |
---------------+----------------+-----
Fighting       | 4 |  4.8
Armour         | 4 5 |  5.1
Shields        | 4 |  4.8
Dodging        | 1 |  1.9
Maces & Flails | 3 |  3.6
Stealth        | |  0.1

Action                   |  1- 3 |  4- 6 || total
-------------------------+-------+-------++-------
Melee: Flail             |   113 |    83 ||   196
       Headbutt          |    16 |    17 ||    33
  Use: Scroll            |       |     8 ||     8
       Potion            |       |     1 ||     1
  Eat: Chunk             |     2 |     3 ||     5
Armor: Scale mail        |    42 |    35 ||    77
Dodge: Dodged            |    29 |    25 ||    54
Block: Shield            |    42 |    51 ||    93
